AoeStats
← Chigüiro

Black Forest

509744925Analyzed
4v4 RM · 4d ago on Sep 27, 2026· 53m 34s· 8 players
Game mode
Random Map
Map size
Large (8 player)
Population
200
Speed
Normal
Resources
Standard
Victory
Conquest
Starting age
Dark Age
Ending age
Imperial Age
RankedLock teamsTeams togetherTeam positionsShared explorationLock speedFull tech treeHidden civsTurbo modeCheats
Victory
Defeat
🇦🇷 Huns · Argentina
1567
+19
🇨🇴 Cumans · Colombia
1564
+19
🇩🇪 Burmese · Germany
1524
+21
🇭🇺 Persians · Hungary
1495
+22
🇧🇪 Byzantines · Belgium
1720
-24
🇮🇶 Tatars · Iraq
1620
-20
🇺🇸 Shu · United States
1597
-19
🇩🇪 Japanese · Germany
1586
-18
Chigüiro
10:39 Feudal Age
13:16 Double-Bit Axe
16:33 Fishing Lines
21:24 Horse Collar
23:10 Gold Mining
25:30 Castle Age
27:23 Gillnets
30:16 Imperial Age
28:16 Scale Barding Armor
28:48 Gold Shaft Mining
28:07 Capped Ram
28:59 Steppe Husbandry
29:25 Chain Barding Armor
30:06 Wheelbarrow
29:17 Loom
30:38 Bloodlines
30:21 Cavalier
31:51 Plate Barding Armor
31:01 Onager
32:48 Chemistry
31:47 Paladin
33:57 Forging
34:32 Caravan
37:48 Siege Onager
40:49 Coinage
42:37 Iron Casting
44:09 Light Cavalry
44:53 Hussar
47:24 Blast Furnace
50:34 Conscription
DraveczB
11:11 Feudal Age
10:19 Loom
15:04 Castle Age
13:46 Double-Bit Axe
21:01 Fishing Lines
23:45 Bow Saw
24:24 Wheelbarrow
23:34 Town Watch
23:44 Horse Collar
24:42 Gillnets
25:07 Heavy Plow
26:21 Stone Mining
26:21 Gold Mining
26:47 Hand Cart
26:56 Town Watch
27:55 Gold Shaft Mining
27:56 Stone Shaft Mining
28:00 Caravan
29:16 Scale Mail Armor
29:27 Forging
32:14 Imperial Age
29:46 Town Patrol
30:13 Chain Mail Armor
30:06 Scale Barding Armor
30:52 Husbandry
31:03 Bloodlines
31:50 Iron Casting
31:30 Devotion
32:37 Chain Barding Armor
32:41 Elite War Elephant
33:51 Conscription
34:35 Blast Furnace
35:11 Plate Barding Armor
35:33 Masonry
35:23 Murder Holes
38:33 Citadels
43:20 Crop Rotation
45:38 Architecture
软脚虾3号
1:42 Loom
12:44 Feudal Age
13:58 Town Watch
19:03 Castle Age
17:19 Fishing Lines
17:45 Gold Mining
22:35 Gillnets
24:16 Horse Collar
25:41 Heavy Plow
33:45 Imperial Age
32:16 Gold Shaft Mining
31:49 Fletching
33:03 Wheelbarrow
33:29 Manipur Cavalry
33:48 Padded Archer Armor
33:43 Bodkin Arrow
34:13 Ballistics
34:03 Masonry
35:30 Chemistry
34:44 Masonry
35:01 Conscription
35:00 Bloodlines
35:16 Husbandry
35:47 Parthian Tactics
36:15 Howdah
36:24 Elite Arambai
37:39 Hand Cart
39:27 Siege Engineers
39:52 Architecture
40:24 Caravan
43:00 Heavy Scorpion
45:09 Bracer
45:15 Scale Barding Armor
45:20 Forging
45:23 Light Cavalry
45:35 Elite Battle Elephant
47:03 Chain Barding Armor
48:22 Plate Barding Armor
47:58 Forging
50:30 Iron Casting
49:46 Hussar
52:18 Blast Furnace
Hippieee
11:24 Feudal Age
12:21 Double-Bit Axe
15:09 Castle Age
17:12 Bow Saw
17:00 Town Watch
18:55 Fishing Lines
23:13 Gillnets
25:06 Horse Collar
30:00 Imperial Age
27:49 Gold Mining
28:22 Fletching
28:55 Ballistics
29:15 Caravan
29:35 Bodkin Arrow
29:40 Padded Archer Armor
30:16 Thumb Ring
30:05 Heavy Cavalry Archer
31:13 Parthian Tactics
30:51 Bracer
31:52 Chemistry
31:46 Conscription
33:34 Bloodlines
33:52 Leather Archer Armor
33:41 Husbandry
34:55 Coinage
34:20 Stone Mining
35:09 Gold Shaft Mining
34:25 Cavalier
36:07 Two-Man Saw
35:25 Scale Barding Armor
35:31 Forging
36:15 Banking
36:03 Guilds
35:27 Paladin
37:05 Wheelbarrow
36:31 Town Patrol
36:16 Loom
38:40 Chain Barding Armor
38:56 Iron Casting
40:03 Plate Barding Armor
43:46 Blast Furnace
47:26 Scale Mail Armor
49:55 Chain Mail Armor
optimal_brain_damage
1:06 Loom
1:29 Loom
11:10 Feudal Age
11:54 Man-at-Arms
16:44 Double-Bit Axe
16:45 Horse Collar
19:32 Wheelbarrow
23:33 Castle Age
23:58 Fletching
24:49 Bow Saw
24:40 Heavy Plow
26:08 Gold Mining
27:55 Gold Shaft Mining
27:42 Guard Tower
28:08 Town Watch
30:00 Scale Mail Armor
30:10 Forging
31:32 Bodkin Arrow
31:30 Stone Mining
35:07 Imperial Age
33:14 Hand Cart
33:15 Chain Mail Armor
33:11 Forging
33:40 Chain Mail Armor
33:36 Forging
33:55 Ballistics
33:11 Pikeman
33:52 Squires
35:27 Caravan
35:29 Halberdier
36:53 Plate Mail Armor
37:48 Chemistry
37:36 Conscription
37:39 Elite White Feather Guard
38:23 Coiled Serpent Array
38:56 Siege Engineers
40:17 Arson
43:40 Coinage
50:04 Banking
Benni
12:52 Feudal Age
13:50 Double-Bit Axe
16:26 Castle Age
17:33 Bow Saw
17:24 Fishing Lines
21:17 Horse Collar
21:46 Gillnets
26:43 Wheelbarrow
25:56 Loom
26:03 Gold Mining
26:04 Stone Mining
29:23 Imperial Age
26:43 Fletching
26:54 Padded Archer Armor
27:53 Bodkin Arrow
28:31 Ballistics
28:29 Leather Archer Armor
29:23 Husbandry
29:33 Bloodlines
29:34 Heavy Plow
29:44 Thumb Ring
30:13 Coinage
29:24 Heavy Cavalry Archer
30:30 Parthian Tactics
30:06 Bracer
31:07 Chemistry
30:38 Ring Archer Armor
31:12 Two-Man Saw
31:34 Banking
33:41 Masonry
34:53 Siege Engineers
34:32 Treadmill Crane
35:17 Kataparuto
35:18 Conscription
36:41 Caravan
43:59 Elite Skirmisher
46:55 Scale Mail Armor
47:06 Forging
47:00 Squires
46:47 Arson
47:52 Chain Mail Armor
47:46 Elite Samurai
50:19 Plate Mail Armor
50:56 Iron Casting
Corduene
9:34 Loom
13:11 Feudal Age
17:06 Castle Age
16:02 Double-Bit Axe
18:04 Bow Saw
18:49 Fishing Lines
20:12 Gillnets
21:19 Horse Collar
22:43 Wheelbarrow
22:28 Heavy Plow
27:57 Fletching
28:26 Hand Cart
27:56 Town Watch
28:12 Gold Mining
28:13 Stone Mining
31:35 Imperial Age
30:24 Ballistics
29:44 Treadmill Crane
31:19 Gold Shaft Mining
30:42 Bodkin Arrow
30:48 Padded Archer Armor
32:19 Leather Archer Armor
32:30 Bracer
33:32 Chemistry
32:56 Conscription
32:04 Heavy Cavalry Archer
34:06 Ring Archer Armor
34:50 Silk Armor
37:13 Bloodlines
37:03 Husbandry
37:39 Guilds
38:00 Coinage
37:30 Caravan
39:40 Timurid Siegecraft
39:22 Crossbowman
41:11 Banking
42:08 Pikeman
42:48 Squires
42:49 Scale Mail Armor
44:04 Crop Rotation
44:00 Forging
benni9
11:09 Feudal Age
14:57 Castle Age
13:03 Double-Bit Axe
16:43 Bow Saw
16:25 Fishing Lines
17:29 Gillnets
18:13 Horse Collar
20:48 Wheelbarrow
26:08 Imperial Age
24:09 Scale Mail Armor
24:19 Forging
25:34 Chain Mail Armor
25:42 Squires
26:18 Iron Casting
26:43 Gold Mining
28:00 Chemistry
28:09 Hand Cart
27:37 Elite Varangian Guard
29:57 Heavy Plow
31:33 Plate Mail Armor
33:02 Fletching
32:58 Loom
33:44 Block Printing
33:51 Sanctity
33:43 Gambesons
35:56 Theocracy
35:22 Atonement
35:33 Fervor
36:40 Bombard Tower
36:17 Bodkin Arrow
37:46 Two-Man Saw
38:13 Conscription
38:23 Logistica
40:53 Pikeman
41:34 Bracer
41:41 Halberdier
42:32 Caravan
43:55 Coinage
44:11 Fortified Wall
44:37 Crop Rotation
45:19 Hoardings
46:33 Illumination
46:57 Banking
46:44 Padded Archer Armor
47:06 Ballistics
46:27 Treadmill Crane
47:57 Leather Archer Armor
49:24 Elite Skirmisher
50:10 Thumb Ring
53:24 Ring Archer Armor
Connection lost

Rejoining the realm…

Still unreachable

The connection could not be restored.

Session expired

The server has moved on; the page needs a fresh start.